Map: Lost and Found LE

Players

Snute

  • Race: Zerg Zerg
  • Spawn Location: 7:00

Neeb - Winner!

  • Race: Protoss Protoss
  • Spawn Location: 1:00

Event: WCS Valencia 2018

VOD

Have the link to the VOD?

Description

Time

  • Played on: July 12, 2018, 2:19 p.m.
  • Length: 9:36

All games in this series

Show
View Real Time Build Order
Export as new Build Order

Snute Zerg 

Build Orders: Hatch First 

Get SALT Encoding   

  12  0:00  Drone  
  13  0:12  Overlord  
  13  0:16  Drone  
  14  0:30  Drone x2  
  16  0:47  Hatchery  
  15  0:50  Drone  
  15  0:54  Drone  
  17  0:57  Drone  
  17  1:01  Extractor  
  17  1:06  Drone  
  18  1:16  Spawning Pool  
  17  1:19  Drone  
  18  1:28  Drone  
  19  1:38  Overlord  
  19  1:49  Drone  
  20  1:59  Drone  
  20  2:00  Drone  
  22  2:02  Queen x2  
  22  2:05  Metabolic Boost  
  26  2:10  Zergling x2  
  26  2:12  Zergling x2  
  28  2:20  Drone  
  28  2:21  Drone  
  30  2:32  Zergling x4  
  32  2:38  Queen  
  32  2:42  Hatchery  
  33  2:46  Overlord  
  33  2:49  Zergling x2  
  33  3:00  Overlord  
  33  3:01  Drone  
  34  3:06  Drone x2  
  34  3:12  Drone x3  
  38  3:20  Overlord  
  38  3:21  Drone  
  38  3:24  Drone  
  39  3:29  Spore Crawler  
  39  3:31  Drone  
  39  3:34  Queen  
  39  3:35  Drone  
  39  3:40  Drone  
  43  3:46  Drone x5  
  43  3:47  Drone  
  48  3:51  Overlord  
  48  3:54  Drone  
  49  3:56  Spore Crawler  
  49  4:01  Lair  
  48  4:06  Spore Crawler, Drone  
  48  4:08  Drone  
  49  4:14  Drone x4  
  53  4:22  Drone x4  
  56  4:25  Extractor  
  56  4:26  Drone x2  
  58  4:31  Drone x2  
  58  4:32  Drone  
  58  4:34  Extractor, Drone  
  58  4:37  Extractor  
  60  4:41  Drone x2  
  60  4:43  Drone x2  
  60  4:44  Drone  
  64  4:49  Extractor, Overlord, Drone x2  
  65  5:00  Hydralisk Den, Overlord  
  65  5:02  Zergling x4  
  66  5:12  Zergling x2  
  66  5:13  Zergling x14  
  74  5:15  Overlord  
  73  5:22  Overlord  
  73  5:25  Overlord  
  73  5:29  Grooved Spines, Spore Crawler  
  73  5:32  Spore Crawler  
  73  5:34  Hydralisk x5, Spore Crawler  
  80  5:40  Hydralisk  
  80  5:44  Zergling x8  
  80  5:46  Hydralisk  
  86  5:52  Hydralisk  
  86  5:53  Hydralisk  
  86  5:55  Drone x2  
  86  5:56  Drone  
  88  5:57  Drone  
  89  6:11  Zergling x10  
  82  6:16  Hydralisk x2  
  82  6:19  Queen x2  
  82  6:22  Hydralisk  
  86  6:26  Drone  
  86  6:27  Drone x3  
  89  6:38  Overlord x2  
  89  6:41  Muscular Augments  
  89  6:44  Overlord x3  
  87  6:54  Overlord  
  85  6:59  Hydralisk x4  
  90  7:04  Hydralisk  
  89  7:09  Zergling x10  
  89  7:10  Baneling Nest  
  89  7:14  Hydralisk  
  95  7:24  Hatchery  
  93  7:30  Zergling x16  
  93  7:35  Hydralisk  
  102  7:43  Hydralisk x4  
  102  7:44  Hydralisk  
  104  7:49  Hydralisk  
  114  7:57  Overlord x2  
  113  7:59  Overlord x2  
  113  8:03  Overlord  
  113  8:09  Overlord  
  113  8:10  Overlord  
  113  8:17  Zergling x2  
  113  8:18  Zergling x16  
  122  8:26  Baneling x11  
  122  8:27  Baneling x3  
  120  8:34  Hydralisk  
  120  8:35  Hydralisk  
  120  8:38  Hydralisk  
  120  8:41  Baneling x4  
  101  9:04  Zergling x32  
  101  9:09  Hydralisk  
  109  9:10  Hydralisk  
Show
View Real Time Build Order
Export as new Build Order

Neeb Protoss - Winner!

Build Orders: 1 Gate Expand, Oracle Opening, Phoenix Opening, Mass Phoenix 

Get SALT Encoding   

  12  0:00  Probe  
  13  0:12  Probe  
  14  0:17  Pylon  
  14  0:25  Probe  
  15  0:31  Assimilator  
  15  0:34  Probe  
  16  0:42  Probe  
  16  0:43  Gateway  
  17  0:52  Probe  
  19  1:04  Probe  
  19  1:16  Probe  
  20  1:21  Nexus  
  20  1:33  Cybernetics Core  
  20  1:35  Probe  
  21  1:46  Assimilator  
  22  1:47  Probe  
  22  1:50  Pylon  
  22  1:58  Probe  
  22  2:00  Adept  
  23  2:06  Probe  
  23  2:10  Warp Gate  
  23  2:14  Probe  
  26  2:22  Stargate  
  27  2:25  Probe  
  27  2:28  Adept  
  27  2:29  Probe  
  31  2:37  Probe x2  
  33  2:47  Probe  
  33  2:49  Probe  
  35  2:53  Gateway  
  35  2:57  Phoenix  
  35  3:00  Probe  
  35  3:01  Probe  
  37  3:10  Assimilator  
  37  3:12  Probe  
  40  3:13  Assimilator  
  40  3:14  Probe  
  40  3:15  Oracle  
  41  3:24  Probe  
  41  3:26  Probe  
  44  3:29  Pylon  
  44  3:32  Adept  
  46  3:43  Pylon  
  46  3:45  Shield Battery  
  46  3:47  Probe x2  
  46  3:48  Stargate  
  48  3:52  Pylon  
  48  3:53  Phoenix  
  48  4:00  Probe  
  51  4:03  Probe  
  51  4:09  Pylon  
  52  4:12  Probe, Phoenix  
  52  4:15  Probe  
  56  4:24  Probe  
  56  4:27  Probe  
  58  4:32  Phoenix  
  58  4:36  Probe  
  58  4:37  Phoenix  
  63  4:39  Probe  
  63  4:44  Adept, Pylon  
  66  4:47  Adept  
  68  4:55  Phoenix  
  68  4:56  Pylon  
  70  5:03  Phoenix  
  70  5:04  Nexus  
  70  5:06  Probe x2  
  74  5:18  Probe  
  74  5:21  Adept  
  77  5:23  Robotics Facility  
  77  5:26  Probe  
  77  5:27  Pylon  
  78  5:29  Phoenix  
  80  5:36  Phoenix  
  80  5:39  Probe  
  83  5:44  Twilight Council  
  83  5:47  Fleet Beacon  
  83  5:54  Sentry, Zealot  
  83  5:56  Shield Battery  
  87  5:59  Shield Battery  
  87  6:02  Probe x2  
  87  6:04  Shield Battery  
  88  6:14  Probe  
  88  6:15  Probe  
  88  6:16  Carrier  
  88  6:17  Probe  
  89  6:22  Carrier  
  89  6:24  Assimilator  
  89  6:27  Probe x2  
  89  6:29  Pylon, Assimilator, Probe  
  92  6:39  Probe  
  99  6:43  Probe x2  
  107  6:48  Protoss Air Weapons Level 1  
  107  6:51  Probe  
  108  6:55  Pylon, Probe x2  
  108  7:00  Zealot x2  
  114  7:03  Probe  
  112  7:08  Probe  
  112  7:11  Immortal  
  112  7:14  Pylon  
  116  7:18  Pylon  
  116  7:19  Pylon  
  116  7:24  Gateway  
  116  7:25  Gateway  
  116  7:27  Carrier  
  116  7:30  Carrier  
  116  7:41  Probe x2  
  124  7:45  Probe  
  124  7:50  Sentry  
  124  7:51  Zealot  
  135  7:53  Pylon, Probe  
  135  7:54  Pylon  
  135  7:57  Graviton Catapult  
  136  8:07  Shield Battery  
  136  8:09  Stargate  
  136  8:13  Shield Battery  
  136  8:16  Observer, Shield Battery  
  136  8:17  Shield Battery  
  137  8:23  Sentry, Stalker  
  137  8:24  Stalker  
  143  8:39  Shield Battery x2  
  143  8:40  Shield Battery  
  143  8:47  Stalker x3  
  149  8:53  Stalker  
  150  9:11  Zealot x2  
  150  9:19  Gateway x2  
Tags
 
Add a new tag
Caveats
  • Supply blocks, unpowered buildings, or Contaminate may cause inaccurate times.
  • Supply counts are checked every 10 seconds.